 Dungeon Crawl Stone Soup version 0.29-a0-648-g6b26cc9f40 (webtiles) character file.

Game seed: 10343343218240991913

263 ZappyNine the Sneak (level 6, -2/37 HPs)
             Began as a Kobold Brigand on June 20, 2022.
             Was an Initiate of Dithmenos.
             Slain by Edmund
             ... wielding a +0 flail of protection
              (6 damage)
             ... on level 4 of the Dungeon.
             The game lasted 00:03:36 (4284 turns).

ZappyNine the Sneak (Kobold Brigand)                Turns: 4284, Time: 00:03:37

Health: -2/37      AC:  5    Str: 10    XL:     6   Next: 43%
Magic:  6/6        EV: 15    Int: 13    God:    Dithmenos [......]
Gold:   213        SH:  0    Dex: 16    Spells: 5/5 levels left

rFire   . . .      SeeInvis .   a - +2 dagger
rCold   . . .      Faith    .   (no shield)
rNeg    . . .      Spirit   .   b - +0 robe
rPois   .          Reflect  .   x - +2 hat
rElec   .          Harm     .   c - +0 cloak
rCorr   .          Rampage  .   (no gloves)
Will    .....                   (no boots)
Stlth   +++++.....              (no amulet)
HPRegen 0.12/turn               (no ring)
MPRegen 0.10/turn               (no ring)

@: no status effects
A: small, no large weapons, nightstalker 3
a: Renounce Religion


You were on level 4 of the Dungeon.
You worshipped Dithmenos.
Dithmenos was noncommittal.
You visited 1 branch of the dungeon, and saw 4 of its levels.

You collected 213 gold pieces.

Inventory:

Hand Weapons
 a - a +2 dagger (weapon)
Missiles
 d - 19 poisoned darts (quivered)
 e - 3 curare-tipped darts
 l - 6 datura-tipped darts
Armour
 b - a +0 robe (worn)
 c - a +0 cloak (worn)
 x - a +2 hat (worn)
Wands
 r - a wand of iceblast (4)
 s - a wand of digging (7)
Scrolls
 f - 7 scrolls of identify {unknown}
 g - 2 scrolls of fear {unknown}
 h - 3 scrolls of immolation {unknown}
 j - a scroll of poison {unknown}
 k - 4 scrolls of fog {unknown}
 m - a scroll of magic mapping {unknown}
 p - a scroll of brand weapon {unknown}
 q - 3 scrolls of teleportation {unknown}
 t - a scroll of enchant armour {unknown}
 y - a scroll of silence {unknown}
 A - 2 scrolls of blinking {unknown}
Potions
 i - a potion of curing {unknown}
 n - 2 potions of magic {unknown}
 o - 3 potions of haste {unknown}
 u - a potion of flight {unknown}
 w - 2 potions of lignification {unknown}
 z - 2 potions of degeneration {unknown}
 B - a potion of brilliance {unknown}


   Skills:
 + Level 3.5 Fighting
 + Level 4.3 Short Blades
 - Level 2.1 Throwing
 + Level 3.3 Dodging
 * Level 7.6 Stealth


You had 5 spell levels left.
You didn't know any spells.
Your spell library contained the following spells:

 Spells                   Type           Power      Damage    Failure   Level
 Ensorcelled Hibernation  Hex/Ice        0%         N/A       43%         2
 Passwall                 Tmut/Erth      0%         N/A       43%         2
 Swiftness                Air            0%         N/A       67%         3


Dungeon Overview and Level Annotations

Branches:
Dungeon (4/15)
 Temple: D:4-7

Altars:
Dithmenos
Trog
Wu Jian

Annotations:
D:4 Edmund


Innate Abilities, Weirdness & Mutations

You are small and have problems with some larger weapons.
You are completely attuned to the shadows.


Message History

Edmund is almost dead.
Edmund hits you but does no damage.
You hit Edmund but do no damage.
Edmund is almost dead.
Edmund hits you with a +0 flail of protection.
* * * LOW HITPOINT WARNING * * *
You barely miss Edmund.
Edmund is almost dead.
Edmund barely misses you.
You hit Edmund but do no damage.
Edmund is almost dead.
You hit Edmund but do no damage.
Edmund is almost dead.
Edmund closely misses you.
You hit Edmund.
Edmund is almost dead.
Edmund hits you with a +0 flail of protection.
* * * LOW HITPOINT WARNING * * *
You hit Edmund.
Edmund is almost dead.
Edmund misses you.
You completely miss Edmund.
Edmund is almost dead.
Edmund misses you.
You hit Edmund but do no damage.
Edmund is almost dead.
You barely miss Edmund.
Edmund is almost dead.
Edmund hits you with a +0 flail of protection.
* * * LOW HITPOINT WARNING * * *
You hit Edmund but do no damage. Your punch misses Edmund.
Edmund is almost dead.
Edmund barely misses you.
You hit Edmund but do no damage.
Edmund is almost dead.
Edmund misses you.
You barely miss Edmund.
Edmund is almost dead.
Edmund hits you with a +0 flail of protection.
You die...

#.#.#####
####### .......#
##...###
##.###.#
#.....## #. #.#
#....... #
###.## #.....##
+....#####)..##
#+###.......^.##
#@# #..#####..#
###@###..#
#..####
..../.....#
#..##..
.##########
#..##.. #......
##..... #..#..
#...#.. #.#.#..
..


You could see Edmund.

Vanquished Creatures
  2 hounds (D:4)
  2 orc priests (D:4)
  Natasha (D:4)
  3 adders
  3 dart slugs
  8 orcs
  A ball python (D:3)
  3 endoplasms
  8 goblins
  14 hobgoblins
  7 jackals
  3 quokkas
  8 bats
  4 frilled lizards (D:1)
  10 kobolds
  4 rats
81 creatures vanquished.

Notes
Turn   | Place    | Note
-------+----------+-------------------------------------------
     0 | D:1      | ZappyNine the Kobold Brigand began the quest for the Orb.
     0 | D:1      | Reached XP level 1. HP: 12/12 MP: 1/1
   165 | D:1      | Found a faded altar of an unknown god.
   196 | D:1      | Reached XP level 2. HP: 18/18 MP: 2/2
   494 | D:1      | Reached XP level 3. HP: 20/22 MP: 3/3
   707 | D:1      | Reached skill level 6 in Stealth
   730 | D:1      | HP: 1/22 [hobgoblin (3)]
  1549 | D:2      | Reached XP level 4. HP: 27/27 MP: 4/4
  2634 | D:3      | Found a bloodstained altar of Trog.
  2750 | D:3      | Found a shadowy altar of Dithmenos.
  2774 | D:3      | Became a worshipper of Dithmenos the Shadowed
  3117 | D:3      | Reached XP level 5. HP: 32/32 MP: 5/5
  3684 | D:4      | Reached skill level 7 in Stealth
  3905 | D:4      | Reached XP level 6. HP: 31/37 MP: 6/6
  3963 | D:4      | Found an ornate altar of the Wu Jian Council.
  3999 | D:4      | Noticed Natasha
  4001 | D:4      | Killed Natasha
  4262 | D:4      | Noticed Edmund
  4284 | D:4      | Slain by Edmund

Illustrated notes

Levels and vault maps discovered:
D:1:      wheals_arrival_linesprint, layout_basic,
          shapermc_ecumenical_altar_ellora, serial_bayou_pond_a
D:2:      layout_basic
D:3:      corexii_shack_village, layout_loops_corners,
          nicolae_dithmenos_through_a_glass_darkly, trog_book
D:4:      layout_loops_ring, mainiacjoe_overflow_chevrons,
          nicolae_ru_the_path_less_chosen, lemuel_doored_altar,
          minmay_temple_entry_slanted, uniq_edmund, uniq_duvessa,
          uniq_eustachio, uniq_natasha

Skill      XL: |  1  2  3  4  5 |
---------------+----------------+-----
Short Blades   | 3 4 |  4.3
Dodging        | 2 3 |  3.3
Stealth        | 6 7 |  7.6
Fighting       | 3 |  3.5
Throwing       | |  2.1

Action                   |  1- 3 |  4- 6 || total
-------------------------+-------+-------++-------
Melee: Dagger            |    95 |   180 ||   275
  Use: Potion            |     1 |     1 ||     2
 Stab: Sleeping          |    22 |    16 ||    38
Armor: Robe              |    18 |    25 ||    43
Dodge: Dodged            |    67 |   107 ||   174

Table legend: (Time is in decaauts)
 A = Elapsed time spent in this place.
 B = Non-inter-level travel time spent in this place.
 C = Inter-level travel time spent in this place.
 D = Time resting spent in this place.
 E = Time spent auto-exploring this place.
 F = Levels seen in this place.
 G = Mean time per level.
                   A        B        C        D        E       F      G
               +--------+--------+--------+--------+--------+-----+--------+
         Total |   4235 |   4099 |    136 |    431 |   3130 |   4 | 1058.8 |
       Dungeon |   4235 |   4099 |    136 |    431 |   3130 |   4 | 1058.8 |
               +--------+--------+--------+--------+--------+-----+--------+

Top non-repeatable levels by time:
     D:3: 1587 daAuts
     D:1: 1174 daAuts
     D:2: 829 daAuts
     D:4: 644 daAuts
